 Dungeon Crawl Stone Soup version 0.28.0-53-g5a82cb258f (webtiles) character file.

Game seed: 8478004091160493383

11 Iusername the Shield-Bearer (level 2, 0/24 HPs)
             Began as a Human Fighter on Aug 22, 2022.
             Slain by an endoplasm (3 damage)
             ... on level 1 of the Dungeon.
             The game lasted 00:00:40 (558 turns).

Iusername the Shield-Bearer (Human Fighter)          Turns: 558, Time: 00:00:41

Health: 0/24       AC:  6    Str: 16    XL:     2   Next: 40%
Magic:  2/2        EV:  5    Int:  8    God:
Gold:   16         SH:  4    Dex: 12    Spells: 1/1 levels left

rFire   . . .      SeeInvis .   a - +0 long sword
rCold   . . .      Faith    .   c - +0 buckler
rNeg    . . .      Spirit   .   b - +0 scale mail
rPois   .          Reflect  .   (no helmet)
rElec   .          Harm     .   (no cloak)
rCorr   .          Rampage  .   (no gloves)
Will    .....                   (no boots)
Stlth   ..........              (no amulet)
HPRegen 0.08/turn               (no ring)
MPRegen 0.08/turn               (no ring)

@: constricted
A: no striking features
a: no special abilities


You were on level 1 of the Dungeon.
You visited 1 branch of the dungeon, and saw 1 of its levels.

You collected 16 gold pieces.

Inventory:

Hand Weapons
 a - a +0 long sword (weapon)
Armour
 b - a +0 scale mail (worn)
 c - a +0 buckler (worn)
Scrolls
 e - a scroll of identify {unknown}
 h - a scroll of enchant armour {unknown}
 i - a scroll of magic mapping {unknown}
Potions
 d - a potion of might
 f - a potion of heal wounds {unknown}
 g - a potion of curing {unknown}


   Skills:
 + Level 3.1 Fighting
 + Level 2.2 Long Blades
 + Level 3.1 Armour
 + Level 3.2 Shields


You had one spell level left.
You didn't know any spells.
Your spell library was empty.

Dungeon Overview and Level Annotations

Branches:
Dungeon (1/15)

Altars:


Message History

The endoplasm freezes you.
You are frozen.
You are too injured to fight recklessly!
Unknown command.
You are too injured to fight recklessly!
Unknown command.
You are too injured to fight recklessly!
Unknown command.
You are too injured to fight recklessly!
Unknown command.
You are too injured to fight recklessly!
You barely miss the quokka. The quokka barely misses you.
The ball python bites you but does no damage.
The ball python constricts you. The endoplasm barely misses you.
You barely miss the quokka. The quokka barely misses you.
The ball python bites you. The ball python constricts you.
The endoplasm hits you but does no damage.
The quokka bites you but does no damage.
The ball python bites you but does no damage.
The ball python constricts you.
You closely miss the quokka. The quokka bites you. The endoplasm freezes you.
You are frozen.
* * * LOW HITPOINT WARNING * * *
The ball python bites you.
* * * LOW HITPOINT WARNING * * *
The ball python constricts you.
* * * LOW HITPOINT WARNING * * *
The quokka twitches its whiskers.
The quokka bites you but does no damage.
The endoplasm hits you.
* * * LOW HITPOINT WARNING * * *
The ball python bites you but does no damage.
The ball python constricts you.
You hit the quokka.
The quokka is severely wounded.
You block the quokka's attack.
The ball python bites you but does no damage.
The ball python constricts you. The endoplasm hits you.
You die...

# .. .. #+## #.#
#. #...## #..> #.
#.....#
##..##?##.......
................
#........$.J......
....>....@r......
#.....##.#S......
#.. #.##.##.....#
#..##.##.# #...##
#........# #+##
#........# #.#
#####.#### #.# #.#
##.## #.#
##...####


You could see an endoplasm, a quokka and a ball python.

Vanquished Creatures
  3 ball pythons (D:1)
  An endoplasm (D:1)
  A giant cockroach (D:1)
  2 hobgoblins (D:1)
  A bat (D:1)
  2 frilled lizards (D:1)
  2 rats (D:1)
12 creatures vanquished.

Notes
Turn   | Place    | Note
-------+----------+-------------------------------------------
     0 | D:1      | Iusername the Human Fighter began the quest for the Orb.
     0 | D:1      | Reached XP level 1. HP: 18/18 MP: 1/1
   235 | D:1      | Reached XP level 2. HP: 21/24 MP: 2/2
   558 | D:1      | Slain by an endoplasm

Illustrated notes

Levels and vault maps discovered:
D:1:      roderic_octagonal_star, layout_loops_corners

Action                   || total
-------------------------++-------
Melee: Long sword        ||    43
Armor: Scale mail        ||    31
Dodge: Dodged            ||    25
Block: Buckler           ||     8
